 Dungeon Crawl Stone Soup version 0.31-a0-1009-g454b1f1e0a (webtiles) character file.

Game seed: 3755358796732069731

6403 Gynju the Basher (level 10, -6/96 HPs)
             Began as a Minotaur Fighter on Nov 16, 2023.
             Was an Elder of Okawaru.
             Mangled by a vault guard
             ... wielding a +0 broad axe
              (7 damage)
             ... in a bailey.
             The game lasted 00:11:22 (8641 turns).

Gynju the Basher (Minotaur Fighter)                 Turns: 8641, Time: 00:11:23

Health: -6/96      AC: 13    Str: 25    XL:     10   Next: 66%
Magic:  15/21      EV: 10    Int:  5    God:    Okawaru [****..]
Gold:   462        SH:  6    Dex: 13    Spells: 9/9 levels left

rFire   . . .        M - +0 flail (holy)
rCold   . . .        c - +0 buckler
rNeg    . . .        G - +0 chain mail "Omehiatz" {rElec Dex+3}
rPois   .            (helmet restricted)
rElec   +            d - +0 cloak
rCorr   .            E - +0 pair of gloves
SInv    .            (no boots)
Will    .....        (no amulet) Stlth
                     t - ring of magical power
HPRegen 0.36/turn    (no ring)
MPRegen 0.17/turn

%: no passive effects
@: heroic, finesse-ful, attractive
A: horns 2, retaliatory headbutt
a: Renounce Religion, Heroism, Finesse


You were in a bailey.
You worshipped Okawaru.
Okawaru was greatly pleased with you.
You visited 1 branch of the dungeon, and saw 9 of its levels.
You also visited: Ossuary and Bailey.

You collected 462 gold pieces.

Inventory:

Hand Weapons
 b - a +0 mace of protection
 F - a +0 antimagic whip
 M - a +0 flail of holy wrath (weapon)
Armour
 c - a +0 buckler (worn)
 d - a +0 cloak (worn)
 y - a +0 scale mail of fire resistance
 E - a +0 pair of gloves (worn)
 G - the +0 chain mail "Omehiatz" (worn) {rElec Dex+3}
   (You found it on level 5 of the Dungeon)

   Dex+3:     It affects your dexterity (+3).
   rElec:     It insulates you from electricity.
Jewellery
 t - a ring of magical power (left hand)
 A - a ring of poison resistance
Wands
 D - a wand of roots (7)
 H - a wand of flame (20)
Scrolls
 f - a scroll of revelation {unknown}
 g - 5 scrolls of vulnerability {unknown}
 i - 5 scrolls of enchant weapon {unknown}
 j - 2 scrolls of torment {unknown}
 k - 6 scrolls of enchant armour {unknown}
 l - 4 scrolls of fog {unknown}
 m - 2 scrolls of poison {unknown}
 o - 3 scrolls of fear {unknown}
 p - a scroll of immolation {unknown}
 s - a scroll of amnesia {unknown}
 u - 11 scrolls of identify {unknown}
 w - 4 scrolls of summoning {unknown}
 z - 2 scrolls of teleportation {unknown}
 C - 3 scrolls of brand weapon {unknown}
 I - 4 scrolls of silence {unknown}
 J - 2 scrolls of blinking {unknown}
 K - 2 scrolls of noise {unknown}
Potions
 a - 2 potions of attraction
 e - 7 potions of curing {unknown}
 h - 3 potions of haste {unknown}
 n - 6 potions of heal wounds {unknown}
 q - 2 potions of mutation {unknown}
 r - 5 potions of invisibility {unknown}
 v - 2 potions of brilliance {unknown}
 x - 2 potions of berserk rage {unknown}
 B - 2 potions of might
 L - a potion of degeneration {unknown}


   Skills:
 + Level 11.2(16.2) Fighting
 * Level 14.9(19.9) Maces & Flails
 - Level 3.6(8.6) Armour
 - Level 3.6(8.6) Shields
 - Level 5.0 Invocations


You had 9 spell levels left.
You didn't know any spells.
Your spell library contained the following spells:

 Spells                   Type           Power      Damage    Failure   Level
 Kiss of Death            Conj/Necr      0%         2d5       95%         1
 Magic Dart               Conj           0%         1d3       95%         1
 Blink                    Tloc           0%         N/A       99%         2
 Cigotuvi's Dreadful Rot  Necr/Pois/Air  0%         N/A       99%         2
 Searing Ray              Conj           0%         2d4       99%         2
 Sublimation of Blood     Necr           0%         N/A       99%         2
 Wereblood                Tmut           0%         N/A       99%         2
 Confusing Touch          Hex            0%         N/A       100%        3
 Ignite Poison            Fire/Tmut/Pois 0%         N/A       100%        3
 Dispel Undead            Necr           0%         3d6       100%        4
 Fulminant Prism          Conj/Hex       0%         3d5       100%        4
 Manifold Assault         Tloc           0%         N/A       100%        4
 Freezing Cloud           Conj/Ice/Air   0%         6-21      100%        5
 Irradiate                Conj/Tmut      0%         3d11      100%        5
 Summon Small Mammal      Summ           Unusable   N/A       N/A         1
 Call Canine Familiar     Summ           Unusable   N/A       N/A         3
 Summon Guardian Golem    Hex/Summ       Unusable   N/A       N/A         3
 Summon Hydra             Summ           Unusable   N/A       N/A         7

Dungeon Overview and Level Annotations

Branches:
Dungeon (9/15)             Temple (0/1) D:5         Ossuary (visited)
 Bailey (1/1)
   Lair: D:8-11         Orc: D:9-12

Altars:
Makhleb
Okawaru
Qazlal
Wu Jian
The Shining One


Innate Abilities, Weirdness & Mutations

You have a pair of horns on your head.
You reflexively headbutt those who attack you in melee.


Message History

You are too injured to fight recklessly!
You are too injured to fight recklessly!
You are too injured to fight recklessly!
You are too injured to fight recklessly!
You gain the combat prowess of a mighty hero.
You can no longer enter into single combat with a foe.
Okawaru will no longer gift you throwing weapons.
You block the vault guard's attack.
You hit the vault guard.
You headbutt the vault guard, but do no damage.
The vault guard is moderately wounded.
You thump the vault guard!
You headbutt the vault guard, but do no damage.
The vault guard is heavily wounded.
The vault guard hits you with a +0 broad axe!
You sock the vault guard! Your headbutt misses the vault guard.
The vault guard is heavily wounded.
The vault guard misses you.
You hit the vault guard but do no damage.
Your headbutt misses the vault guard.
The vault guard is heavily wounded.
The vault guard hits you with a +0 broad axe!
You hit the vault guard but do no damage.
The vault guard is heavily wounded.
You sock the vault guard!
The vault guard is severely wounded.
The vault guard hits you with a +0 broad axe!!
* * * LOW HITPOINT WARNING * * *
You hit the vault guard. You headbutt the vault guard!
The vault guard is almost dead.
The vault guard hits you with a +0 broad axe!
* * * LOW HITPOINT WARNING * * *
Okay, then.
Okay, then.
It was a potion of attraction.
You feel attractive to monsters. You block the vault guard's attack.
You can now deal lightning-fast blows.
The vault guard hits you with a +0 broad axe!
You die...

#..∩..#
###.....###
##~##...##≈##
##~~~##)##~~≈##
#~~~.......~~≈#
##..........~~≈##
#.≈≈≈~.....~~~~≈#
#'###≈~...~.~~~≈#
#@.~##≈~....~~~≈#
#~p.~#≈~....~~~≈#
##~..##≈~...~~~≈#
~..$#≈~..~~~≈##
#~.?#≈~.~≈≈~≈#
####≈~.≈##≈##
#≈~..≈####
#≈~..≈#..+
###)###..####


You could see a vault guard.

Vanquished Creatures
  A vault guard (Bailey)
  A hornet (D:7)
  Prince Ribbit (Bailey)
  2 wyverns
  4 humans (Bailey)
  2 steam dragons
  2 water moccasins
  An ice beast (D:7)
  3 black bears (D:4)
  A hornet zombie (Ossuary)
  An orc warrior (D:9)
  4 ogres
  A kobold brigand (D:5)
  12 bullfrogs
  Blork the orc (D:5)
  4 scorpions
  8 wights
  10 bullfrog zombies (Ossuary)
  3 centaur zombies (Ossuary)
  Crazy Yiuf (D:3)
  A gnoll bouda (D:4)
  3 orc priests
  7 hounds
  12 mummies (Ossuary)
  2 iguanas
  7 orc wizards
  3 killer bee zombies (Ossuary)
  2 howler monkey zombies (Ossuary)
  Robin (D:2)
  9 gnolls
  9 adders
  A shadow imp (D:7)
  2 ufetubi (D:5)
  2 worms
  4 dart slugs
  28 orcs
  6 bats
  10 endoplasms
  2 giant cockroaches
  19 goblins
  6 hobgoblins
  19 jackals (D:2)
  2 quokkas
  6 ball pythons
  2 frilled lizards
  13 kobolds
  2 rats
243 creatures vanquished.

Notes
Turn   | Place    | Note
-------+----------+-------------------------------------------
     0 | D:1      | Gynju the Minotaur Fighter began the quest for the Orb.
     0 | D:1      | Reached XP level 1. HP: 19/19 MP: 0/0
   185 | D:1      | Reached skill level 3 in Maces & Flails
   252 | D:1      | Reached XP level 2. HP: 27/27 MP: 1/1
   271 | D:1      | Found a faded altar of an unknown god.
  1036 | D:2      | Reached XP level 3. HP: 33/33 MP: 2/2
  1090 | D:2      | Reached skill level 4 in Maces & Flails
  1169 | D:2      | Noticed Robin
  1174 | D:2      | Killed Robin
  1246 | D:2      | Reached XP level 4. HP: 41/41 MP: 3/3
  1560 | D:2      | Reached skill level 5 in Maces & Flails
  1940 | D:3      | Found a runed translucent door.
  1941 | D:3      | Noticed Crazy Yiuf
  2054 | D:3      | Found an iron altar of Okawaru.
  2167 | D:3      | Became a worshipper of Warmaster Okawaru
  2461 | D:3      | Reached skill level 5 in Fighting
  2461 | D:3      | Reached XP level 5. HP: 39/48 MP: 4/4
  2658 | D:3      | Noticed an ogre
  2671 | D:3      | Killed an ogre
  2672 | D:3      | Reached skill level 6 in Maces & Flails
  2878 | D:3      | Killed Crazy Yiuf
  2879 | D:3      | Reached XP level 6. HP: 47/56 MP: 1/5
  2991 | D:4      | Reached * piety under Okawaru
  3157 | D:4      | Reached skill level 7 in Maces & Flails
  3525 | D:4      | Reached XP level 7. HP: 63/63 MP: 6/6
  3681 | D:4      | Reached skill level 8 in Maces & Flails
  4042 | D:5      | Entered Level 5 of the Dungeon
  4060 | D:5      | Noticed Blork the orc
  4077 | D:5      | Killed Blork the orc
  4122 | D:5      | Found a staircase to the Ecumenical Temple.
  4145 | D:5      | Reached skill level 1 in Invocations
  4154 | D:5      | Noticed a wyvern
  4195 | D:4      | Killed a wyvern
  4195 | D:4      | Reached ** piety under Okawaru
  4196 | D:4      | Reached skill level 9 in Maces & Flails
  4196 | D:4      | Reached XP level 8. HP: 8/73 MP: 8/8
  4474 | D:5      | Identified the +0 chain mail "Omehiatz" {rElec Dex+3}
  4795 | D:6      | Found a glowing golden altar of the Shining One.
  4977 | D:5      | Reached skill level 10 in Maces & Flails
  5300 | D:6      | Found an ornate altar of the Wu Jian Council.
  5305 | D:6      | Reached *** piety under Okawaru
  5452 | D:6      | Found a sand-covered staircase.
  5459 | Ossuary  | Entered an ossuary
  5477 | Ossuary  | Reached skill level 11 in Maces & Flails
  5477 | Ossuary  | Reached XP level 9. HP: 82/82 MP: 10/10
  6048 | D:6      | Found a stormy altar of Qazlal.
  6176 | D:7      | Reached skill level 12 in Maces & Flails
  6265 | D:7      | Reached **** piety under Okawaru
  6371 | D:7      | Reached skill level 5 in Invocations
  6812 | D:7      | Found a burning altar of Makhleb.
  6877 | D:7      | Paralysed by a hornet for 3 turns
  7306 | D:8      | Reached skill level 13 in Maces & Flails
  7736 | D:8      | Reached skill level 10 in Fighting
  7736 | D:8      | Reached XP level 10. HP: 75/93 MP: 12/12
  8205 | D:9      | Reached ***** piety under Okawaru
  8300 | D:9      | Found a flagged portal.
  8317 | Bailey   | Entered a bailey
  8472 | Bailey   | Reached skill level 14 in Maces & Flails
  8542 | Bailey   | Noticed Prince Ribbit
  8543 | Bailey   | Noticed a vault guard
  8556 | Bailey   | Killed a vault guard
  8560 | Bailey   | Killed Prince Ribbit
  8625 | Bailey   | Noticed a vault guard
  8639 | Bailey   | HP: 1/96 [vault guard/+0 broad axe (13)]
  8641 | Bailey   | Mangled by a vault guard

Illustrated notes

Levels and vault maps discovered:
D:1:      saegor_arrival_simple_d, layout_basic, shapermc_ecumenical_altar_venn,
          chequers_garden, minmay_misc_feat_rows
D:2:      layout_basic, solitary_fountain, nrook_mini_vaults, minmay_unequal,
          uniq_robin
D:3:      minmay_chambers_of_threes, layout_loops_cross,
          okawaru_altar_gauntlet_db, uniq_crazy_yiuf_cottage
D:4:      layout_loops_corners
D:5:      layout_rooms, minmay_temple_entry_mini_moons, grunt_ministairs_1,
          minivault_26, uniq_blork_the_orc
D:6:      layout_cave_pools, grunt_temple_overflow_open,
          chequers_ossuary_entry_cave
D:7:      layout_basic, mainiacjoe_overflow_alcove_2
D:8:      layout_loops_ring
D:9:      layout_basic, enter_bailey_5, uniq_psyche
Bailey:   bailey_axe_froggy_fort_hellmonk, bailey

Skill      XL: |  1  2  3  4  5  6  7  8  9 10 |
---------------+-------------------------------+-----
Maces & Flails | 3 4 5 6 7 9 11 13 14 | 14.9
Fighting       | 4 5 6 7 8 10 11 | 11.2
Invocations    | 1 3 5 |  5.0
Armour         | |  3.6
Shields        | |  3.6

Action                     |  1- 3 |  4- 6 |  7- 9 | 10-12 || total
---------------------------+-------+-------+-------+-------++-------
  Melee: Flail             |    70 |   140 |     5 |   105 ||   320
         Headbutt          |     6 |    16 |    88 |    26 ||   136
         Mace              |       |    28 |   384 |       ||   412
         Whip              |       |       |    34 |       ||    34
 Invoke: Heroism           |       |       |     6 |     4 ||    10
         Finesse           |       |       |       |     2 ||     2
    Use: Potion            |       |     1 |       |     2 ||     3
 Armour: Scale mail        |    48 |   171 |   106 |       ||   325
         Chain mail        |       |       |   248 |    55 ||   303
  Dodge: Dodged            |    36 |   119 |   181 |    24 ||   360
  Block: Buckler           |    16 |    55 |   105 |    12 ||   188

Table legend: (Time is in decaauts)
 A = Elapsed time spent in this place.
 B = Non-inter-level travel time spent in this place.
 C = Inter-level travel time spent in this place.
 D = Time resting spent in this place.
 E = Time spent auto-exploring this place.
 F = Levels seen in this place.
 G = Mean time per level.
                   A        B        C        D        E       F      G
               +--------+--------+--------+--------+--------+-----+--------+
         Total |   8628 |   8375 |    253 |    394 |   6427 |  11 |  784.4 |
       Dungeon |   7894 |   7641 |    253 |    394 |   5984 |   9 |  877.1 |
       Ossuary |    429 |    429 |      0 |      0 |    229 |   1 |  429.0 |
        Bailey |    304 |    304 |      0 |      0 |    213 |   1 |  304.0 |
               +--------+--------+--------+--------+--------+-----+--------+

Top non-repeatable levels by time:
     D:4: 1296 daAuts
     D:3: 1230 daAuts
     D:7: 1039 daAuts
     D:1: 1007 daAuts
     D:6: 815 daAuts
     D:2: 773 daAuts
     D:8: 759 daAuts
     D:5: 710 daAuts
 Ossuary: 429 daAuts
  Bailey: 304 daAuts
     D:9: 262 daAuts
